 Dungeon Crawl Stone Soup version 0.30.0-29-ga12c61a403 (webtiles) character file.

Game seed: 18104749508406122283

64941 MacCMillion the Warrior (level 15, -3/133 HPs)
             Began as a Djinni Conjurer on June 18, 2023.
             Was a High Priest of Ashenzari.
             Killed by divine providence
             ... invoked by a meliai
              (7 damage)
             ... on level 13 of the Dungeon.
             The game lasted 01:06:20 (21948 turns).

MacCMillion the Warrior (Djinni Conjurer)          Turns: 21948, Time: 01:06:21

Health: -3/133     AC:  5    Str:  6    XL:     15   Next: 56%
Gold:   1251       EV: 14    Int: 31    God:    Ashenzari [*****.] SH: 14 Dex: 15

rFire   + + .        j - +10 sling "Circumscribed With Me" {speed, Int+4 Dex+3, Fort, Range} (curse)
rCold   x . .        P - +0 kite shield "Esoteric Jealousy" {Fort, Self} (curse)
rNeg    . . .        k - +2 robe of Desmomancy {Archmagi, Evo, Self} (curse)
rPois   ∞            R - +0 helmet "Lashed With Me" {Melee, Self} (curse)
rElec   .            (no cloak)
rCorr   .            (no gloves)
SInv    +            (boots unavailable)
Will    ++...        c - amulet of the Cursed Urgency {Regen+, Self, Evo} (curse)
Stlth   ++           f - ring of the Fated Submission {SInv, Cun, Evo} (curse)
HPRegen 1.22/turn    F - ring "Shattered With Me" {Will+, Melee, Fort} (curse)
MPRegen 0.00/turn

%: clarity, archmagi, infuse magic (-4 HP)
@: flying
A: sickness immunity, fire resistance 2, cold vulnerability 1, float, innate
caster, HP casting, extra vitality 1
a: Renounce Religion, Curse Item, Shatter the Chains


You were on level 13 of the Dungeon.
You worshipped Ashenzari.
Ashenzari was extremely pleased with you.
You visited 3 branches of the dungeon, and saw 19 of its levels.

You collected 1251 gold pieces.

Inventory:

Hand Weapons
 h - a +2 dagger of venom
 j - the cursed +10 sling "Circumscribed With Me" (weapon) {speed, Int+4 Dex+3, Fort, Range}
   (You found it on level 2 of the Dungeon)

   Int:       It affects your intelligence (+4).
   Dex:       It affects your dexterity (+3).
   It has a curse which improves the following skills: Fortitude: Armour and
   Shields.
   Ranged Combat: Ranged Weapons and Throwing.
Missiles
 G - 2 throwing nets
Armour
 a - a +0 robe
 k - the cursed +2 robe of Desmomancy (worn) {Archmagi, Evo, Self}
   (You found it on level 2 of the Dungeon)

   It has a curse which improves the following skills: Evocations: Evocations.
   Introspection: Fighting and Spellcasting.
 P - the cursed +0 kite shield "Esoteric Jealousy" (worn) {Fort, Self}
   (You took it off a gnoll sergeant on level 9 of the Dungeon)

   It has a curse which improves the following skills: Fortitude: Armour and
   Shields.
   Introspection: Fighting and Spellcasting.
 R - the cursed +0 helmet "Lashed With Me" (worn) {Melee, Self}
   (You found it on level 8 of the Dungeon)

   It has a curse which improves the following skills: Melee Combat: Short
   Blades, Long Blades, Axes, Maces & Flails, Polearms, Staves and Unarmed
   Combat.
   Introspection: Fighting and Spellcasting.
Jewellery
 c - the cursed amulet of the Cursed Urgency (around neck) {Regen+, Self, Evo}
   (You found it on level 1 of the Dungeon)

   [amulet of regeneration]

   Regen:     It increases your rate of health regeneration.
   It has a curse which improves the following skills: Introspection: Fighting
   and Spellcasting.
   Evocations: Evocations.
 f - the cursed ring of the Fated Submission (left hand) {SInv, Cun, Evo}
   (You found it on level 1 of the Dungeon)

   [ring of see invisible]

   SInv:      It lets you see invisible.
   It has a curse which improves the following skills: Cunning: Dodging and
   Stealth.
   Evocations: Evocations.
 i - a ring of wizardry
 u - a ring of fire
 z - an amulet of reflection
 F - the cursed ring "Shattered With Me" (right hand) {Will+, Melee, Fort}
   (You found it on level 5 of the Dungeon)

   [ring of willpower]

   Will:      It increases your willpower.
   It has a curse which improves the following skills: Melee Combat: Short
   Blades, Long Blades, Axes, Maces & Flails, Polearms, Staves and Unarmed
   Combat.
   Fortitude: Armour and Shields.
 I - a ring of willpower
 V - a ring of resist corrosion
Wands
 o - a wand of acid (11)
 B - a wand of polymorph (5)
 Q - a wand of mindburst (13)
 S - a wand of roots (6)
 T - a wand of charming (11)
 U - a wand of flame (20)
Scrolls
 d - 3 scrolls of enchant armour
 p - 3 scrolls of amnesia
 s - a scroll of summoning
 x - a scroll of enchant weapon
 y - 8 scrolls of teleportation
 C - a scroll of torment
 E - a scroll of fog
 H - 3 scrolls of immolation
 J - a scroll of poison
 K - 2 scrolls of brand weapon
 L - 2 scrolls of silence
 M - a scroll of blinking
 N - 3 scrolls of magic mapping
Potions
 b - 4 potions of brilliance
 e - 2 potions of lignification
 g - 5 potions of berserk rage
 l - 4 potions of flight
 m - 8 potions of haste
 q - 3 potions of resistance
 r - 2 potions of mutation
 t - 8 potions of curing
 v - 2 potions of might
 w - 7 potions of heal wounds
 A - a potion of invisibility
 D - 3 potions of magic
 O - a potion of cancellation


   Skills:
 + Level 16.5(21.4) Fighting
 - Level 5.8(8.0) Dodging
 - Level 1.5(3.0) Stealth
 - Level 11.4(15.5) Shields
 + Level 13.3(18.3) Spellcasting


You knew the following spells:

 Your Spells              Type           Power      Damage    Failure   Level
a - Magic Dart            Conj           100%       1d8       0%          1
b - Searing Ray           Conj           100%       2d8       0%          2
c - Dazzling Flash        Conj/Hex       100%       N/A       0%          3
d - Fulminant Prism       Conj/Hex       59%        3d24      1%          4
e - Iskenderun's Mystic   Conj/Tloc      100%       2d19      1%          4
f - Beastly Appendage     Tmut           100%       N/A       0%          1
g - Poisonous Vapours     Pois/Air       100%       N/A       0%          2
h - Volatile Blastmotes   Fire/Tloc      100%       2d18      0%          3
i - Stone Arrow           Conj/Erth      100%       3d13      0%          3
j - Summon Mana Viper     Hex/Summ       100%       N/A       1%          5
k - Metabolic Englaciati  Hex/Ice        59%        N/A       1%          5
l - Statue Form           Tmut/Erth      79%        N/A       1%          6
Your spell library was empty.

Dungeon Overview and Level Annotations

Branches:
Dungeon (13/15)            Temple (1/1) D:5            Lair (5/5) D:9
 Shoals (0/4) Lair:3       Spider (0/4) Lair:2        Slime (0/5) Lair:5
    Orc (0/2) D:12
 Vaults: D:13-14

Altars:
Ashenzari
Cheibriados
Dithmenos
Elyvilon
Fedhas
Gozag
Hepliaklqana
Makhleb
Nemelex Xobeh
Okawaru
Qazlal
Ru
Trog
Uskayaw
Wu Jian
Xom
Yredelemnul
Zin
The Shining One
Jiyva

Shops:
D:4 *   D:11 *   D:12 *

Annotations:
Lair:2 2 transporters, Xudgha's ghost, journeyman MiFi


Innate Abilities, Weirdness & Mutations

You are immune to sickness and miasma.
You are immune to poison.
Your flesh is very heat resistant. (rF++)
You are vulnerable to cold. (rC-)
You float through the air rather than walking.
You learn spells naturally, not from books.
Your magical power is your life essence.
You have superior vitality. (+4 MHP)


Message History

The meliai stings you but does no damage.
The meliai mumbles some strange prayers to its god against you.
Something smites you!
* * * LOW HITPOINT WARNING * * *
Your fulminant prism explodes!
The meliai calls down the wrath of its god upon you.
Something smites you!
* * * LOW HITPOINT WARNING * * *
You hear a roar!
As you read the scroll of summoning, it crumbles to dust.
Wisps of shadow whirl around you... You block the meliai's attack.
The meliai barely misses your gargoyle. The meliai barely misses you.
The meliai misses you.
The meliai completely misses your troll.
The meliai hits your gargoyle with a +0 war axe!
You block the meliai's attack. The meliai hits you with a +0 hand axe!
* * * LOW HITPOINT WARNING * * *
The meliai hits your gargoyle with a +0 hand axe.
The meliai barely misses you. The meliai hits you but does no damage.
The meliai hits your gargoyle with a +0 war axe.
The meliai hits your troll with a +0 war axe.
The meliai barely misses you.
Unknown command.
You swap places.
The meliai hits your boulder beetle with a +0 hand axe.
The meliai hits your gargoyle with a +0 hand axe.
The meliai stings your boulder beetle but does no damage.
The meliai hits your boulder beetle with a +0 war axe!
The meliai hits your gargoyle with a +0 war axe.
The meliai hits your troll with a +0 war axe!
The meliai stings your boulder beetle but does no damage.
The meliai calls upon its god to heal the meliai.
The meliai is healed somewhat.
Your boulder beetle misses the meliai.
Your troll closely misses the meliai.
Your troll claws the meliai. x2
Your gargoyle misses the meliai.
The meliai calls upon its god to heal the meliai.
The meliai is healed somewhat.
The meliai calls down the wrath of its god upon you.
Something smites you!
You die...

* * #,** , *** , .. ** ,, , *
*#.# ########+### * ##.####
#..........# #.....#
#.....<....# * #.....#
#..........# , #....y###
#..<.......# /, #...9yB.#
#..).......# .y #..?.T#@#
#..........#
...#######.....#.####..........#
...y.)y..#.....#.<..').........#
...#####......)######..).......#
.., ###.....# #.........)# #
##.#### #........ , #.#
#######+# #.# * *** #.#


You could see 2 meliai, a friendly boulder beetle (summoned) and a friendly
gargoyle (summoned).

Vanquished Creatures
  2 dire elephants (Lair:5)
  Snorg (D:11)
  2 hydras
  A catoblepas (Lair:4)
  3 boulder beetles
  3 death yaks
  Nergalle (Lair:3)
  3 skysharks
  A spectral anaconda (Lair:5)
  An obsidian statue (Lair:5)
  3 necromancers (Lair:5)
  2 cyclopes
  A manticore (D:11)
  14 elephants
  10 black mambas
  A demonic crawler (Lair:4)
  10 cane toads
  2 dire elephant zombies (Lair:5)
  4 torpor snails
  A dire elephant skeleton (Lair:5)
  3 gargoyles
  Maggie (Lair:2)
  An unseen horror (D:12)
  Psyche (D:12)
  2 kobold demonologists (D:12)
  6 rime drakes
  10 komodo dragons
  A merfolk (Lair:3)
  2 meliai
  3 trolls
  A hornet (Lair:3)
  4 polar bears
  15 blink frogs
  5 dream sheep (Lair:1)
  2 spectral elephants (Lair:5)
  A shadow (D:10)
  10 slime creatures
  4 hogs (D:9)
  A dire elephant simulacrum (Lair:5)
  A yak (shapeshifter) (D:12)
  A vampire (D:12)
  2 wraiths
  3 wyverns
  A human (D:9)
  78 yaks
  3 basilisks
  2 vampire mosquitoes (D:12)
  3 swamp worms (Lair:4)
  2 acid dragons
  2 spectral cane toads (Lair:5)
  13 water moccasins
  2 sky beasts
  3 orc warriors
  An elephant zombie (Lair:5)
  8 black bears
  3 ice beasts
  2 ogres
  25 wolves
  2 centaurs (D:10)
  6 phantoms
  An elephant skeleton (Lair:5)
  7 kobold brigands
  A gnoll sergeant (D:9)
  12 bullfrogs
  3 scorpions
  11 wights
  4 killer bees (Lair:2)
  2 elephant simulacra (Lair:5)
  3 howler monkeys
  An electric eel (Lair:3)
  7 hounds
  A gnoll bouda (D:6)
  6 orc priests
  2 jellies
  Terence (D:2)
  7 iguanas
  21 orc wizards
  A sleepcap (D:8)
  A hell rat (Lair:2)
  5 ogre zombies (D:12)
  Robin (D:2)
  12 gnolls
  9 adders
  A shadow imp (D:7)
  A white imp (D:8)
  3 worms
  3 dart slugs
  34 orcs
  5 endoplasms
  4 giant cockroaches
  6 hobgoblins
  4 jackals
  35 kobolds
  3 quokkas
  5 ball pythons
  2 bats
  9 frilled lizards
  12 goblins
  2 goblin skeletons (D:12)
  A goblin zombie (D:12)
  A hobgoblin zombie (D:12)
  3 orc skeletons (D:12)
  12 orc zombies (D:12)
  8 rats
575 creatures vanquished.

Vanquished Creatures (collateral kills)
  An ogre zombie (D:12)
1 creature vanquished.

Vanquished Creatures (others)
  443 fulminant prisms
443 creatures vanquished.

Grand Total: 1019 creatures vanquished

Notes
Turn   | Place    | Note
-------+----------+-------------------------------------------
     0 | D:1      | MacCMillion the Djinni Conjurer began the quest for the
                  | Orb.
     0 | D:1      | MacCMillion set off with the following spells memorised:
                  | Magic Dart, Searing Ray, Dazzling Flash, Fulminant Prism,
                  | Iskenderun's Mystic Blast.
     0 | D:1      | Reached XP level 1. HP: 15/15 MP: 0/0
    52 | D:1      | Reached XP level 2. HP: 18/21 MP: 0/0
   369 | D:1      | Reached XP level 3. HP: 25/25 MP: 0/0
   369 | D:1      | Learned a level 1 spell: Beastly Appendage
  1110 | D:2      | Noticed Robin
  1116 | D:2      | Killed Robin
  1117 | D:2      | Reached XP level 4. HP: 30/31 MP: 0/0
  1395 | D:2      | Identified the +10 sling "Lorr" {speed, Int+4 Dex+3}
  1610 | D:2      | Reached XP level 5. HP: 32/35 MP: 0/0
  1610 | D:2      | Learned a level 2 spell: Poisonous Vapours
  1655 | D:2      | Reached skill level 5 in Spellcasting
  1658 | D:2      | Noticed Terence
  1668 | D:2      | Killed Terence
  2075 | D:3      | Found a glowing silver altar of Zin.
  2146 | D:3      | Found a hazy altar of Hepliaklqana.
  2198 | D:3      | Found a bloodstained altar of Trog.
  2365 | D:3      | Reached XP level 6. HP: 40/40 MP: 0/0
  2678 | D:4      | Noticed an ice beast
  2684 | D:4      | Killed an ice beast
  2766 | D:4      | Reached XP level 7. HP: 45/45 MP: 0/0
  2766 | D:4      | Learned a level 3 spell: Volatile Blastmotes
  3008 | D:4      | Found Sarih's General Store.
  3187 | D:5      | Entered Level 5 of the Dungeon
  3215 | D:5      | Found a shadowy altar of Dithmenos.
  3216 | D:5      | Found a hide-covered altar of Uskayaw.
  3602 | D:5      | Reached XP level 8. HP: 48/50 MP: 0/0
  4244 | D:5      | Found a staircase to the Ecumenical Temple.
  4257 | Temple   | Entered the Ecumenical Temple
  4407 | Temple   | Became a worshipper of Ashenzari the Shackled
  4641 | D:6      | Reached skill level 1 in Fighting
  4654 | D:6      | Reached skill level 2 in Fighting
  4679 | D:6      | Reached skill level 3 in Fighting
  4679 | D:6      | Reached XP level 9. HP: 54/61 MP: 0/0
  4679 | D:6      | Learned a level 3 spell: Stone Arrow
  4739 | D:6      | Reached skill level 4 in Fighting
  5188 | D:7      | Reached skill level 5 in Fighting
  5339 | D:7      | Identified the +8 plate armour "Ebiutaeg" {*Slow +Blink
                  | Dex+2}
  5490 | D:7      | Found a snail-covered altar of Cheibriados.
  5687 | D:7      | Reached skill level 6 in Fighting
  5990 | D:8      | Reached XP level 10. HP: 71/72 MP: 0/0
  6029 | D:8      | Reached * piety under Ashenzari
  6038 | D:8      | Found a sacrificial altar of Ru.
  6494 | D:8      | Reached skill level 7 in Fighting
  6678 | D:9      | Found a burning altar of Makhleb.
  6680 | D:9      | Reached ** piety under Ashenzari
  6747 | D:9      | Noticed a komodo dragon
  7081 | D:9      | Killed a komodo dragon
  7082 | D:9      | Reached skill level 10 in Spellcasting
  7105 | D:9      | Found a staircase to the Lair.
  7142 | D:9      | Reached skill level 5 in Dodging
  7303 | D:9      | Reached skill level 8 in Fighting
  7311 | D:9      | Reached XP level 11. HP: 84/84 MP: 0/0
  7311 | D:9      | Learned a level 5 spell: Summon Mana Viper
  7311 | D:9      | Reached *** piety under Ashenzari
  8286 | D:10     | Entered Level 10 of the Dungeon
  8286 | D:10     | Identified the Folio of Bedrock
  8311 | D:10     | Reached skill level 1 in Shields
  8497 | D:10     | Reached skill level 9 in Fighting
  9264 | D:10     | Reached **** piety under Ashenzari
  9308 | D:11     | Noticed a manticore
  9314 | D:11     | Killed a manticore
  9340 | D:11     | Reached skill level 5 in Shields
  9357 | D:11     | Noticed a five-headed hydra
  9373 | D:11     | Killed a five-headed hydra
  9514 | D:11     | Noticed a cyclops
  9690 | D:11     | Killed a cyclops
  9805 | D:11     | Noticed Snorg
  9818 | D:11     | Killed Snorg
  9819 | D:11     | Reached skill level 10 in Fighting
  9819 | D:11     | Reached XP level 12. HP: 94/96 MP: 0/0
  9981 | D:11     | Found Cacugrix's Assorted Antiques.
 10534 | D:12     | Noticed Psyche
 10542 | D:12     | Killed Psyche
 10543 | D:12     | Noticed a boulder beetle
 10580 | D:12     | Noticed a boulder beetle
 10590 | D:12     | Killed a boulder beetle
 10597 | D:12     | Reached skill level 11 in Fighting
 10762 | Lair:1   | Entered Level 1 of the Lair of Beasts
 11217 | Lair:1   | Noticed a skyshark
 11232 | Lair:1   | Killed a skyshark
 11422 | D:9      | Reached ***** piety under Ashenzari
 11763 | Lair:1   | Reached skill level 12 in Fighting
 11763 | Lair:1   | Reached XP level 13. HP: 108/109 MP: 0/0
 11763 | Lair:1   | Learned a level 5 spell: Metabolic Englaciation
 12077 | Lair:2   | Found a hole to the Spider Nest.
 12151 | Lair:2   | Reached skill level 10 in Shields
 12632 | Lair:2   | Noticed Maggie
 12641 | Lair:2   | Killed Maggie
 13002 | Lair:2   | Found a transporter.
 13040 | Lair:2   | Found a transporter.
 13049 | Lair:2   | Noticed Xudgha's ghost (journeyman MiFi)
 13328 | Lair:2   | Reached skill level 13 in Fighting
 13587 | Lair:2   | Noticed a six-headed hydra
 13602 | Lair:2   | Killed a six-headed hydra
 14112 | Lair:3   | Noticed Nergalle
 14336 | Lair:3   | Killed Nergalle
 14346 | Lair:3   | Reached XP level 14. HP: 102/119 MP: 0/0
 14504 | Lair:2   | Reached skill level 14 in Fighting
 14807 | Lair:2   | Found a transporter.
 15256 | Lair:2   | Found a hole to the Spider Nest.
 15328 | Lair:2   | Found a transporter.
 15820 | Lair:3   | Found a staircase to the Shoals.
 17830 | Lair:5   | Entered Level 5 of the Lair of Beasts
 17844 | Lair:4   | Reached skill level 15 in Fighting
 18186 | Lair:5   | Found a viscous altar of Jiyva.
 18186 | Lair:5   | Found a staircase to the Slime Pits.
 18669 | Lair:5   | Noticed a dire elephant
 18669 | Lair:5   | Noticed a dire elephant
 18680 | Lair:5   | Reached XP level 15. HP: 127/131 MP: 0/0
 18680 | Lair:5   | Learned a level 6 spell: Statue Form
 19088 | Lair:5   | Reached skill level 16 in Fighting
 19621 | Lair:5   | Identified Kikubaaqudgh's Atlas of the Charnel House
 19751 | Lair:5   | Identified the cursed +2 robe of Desmomancy {Archmagi, Evo,
                  | Self} (You found it on level 2 of the Dungeon)
 20833 | D:12     | Found a faded altar of an unknown god.
 20862 | D:12     | Found a staircase to the Orcish Mines.
 21226 | D:12     | Found Zin's Purification Station.
 21226 | D:12     | Found a glowing silver altar of Zin.
 21946 | D:13     | HP: 1/133 [meliai/+0 hand axe (8)]
 21948 | D:13     | Killed from afar by a meliai

Illustrated notes

Levels and vault maps discovered:
D:1:      lightli_arrival_maybe_door_vault, layout_loops_ring,
          nicolae_concentric_dashed_squares_mild, item_on_display_a
D:2:      layout_loops_cross, nicolae_titane, uniq_robin, uniq_terence
D:3:      layout_basic, mainiacjoe_overflow_tiny_flanked,
          mainiacjoe_overflow_surrounded_room, mainiacjoe_overflow_alcove_4,
          chequers_serial_rivers_small_b
D:4:      layout_gridville, serial_shops, kennysheep_mini
D:5:      layout_basic, nicolae_overflow_two_pavilions,
          minmay_temple_entry_slanted, minmay_stone_trees_large, st_stairs_13,
          minmay_bent
D:6:      layout_rooms, serial_bayou_pond_c
D:7:      layout_loops_cross, lemuel_doored_altar,
          chequers_serial_rivers_micro_a
D:8:      layout_basic, nicolae_ru_great_annihilating_truth
D:9:      layout_stronghold, mainiacjoe_overflow_six_doors_small,
          mainiacjoe_overflow_brackets, due_lair_maze_entry_diamond,
          grunt_livestock
D:10:     minmay_flawed_box, layout_basic, vehumet_crystals, minmay_lizard_king
D:11:     layout_long_grid, serial_shops, shop, uniq_snorg
D:12:     layout_stronghold, zombieorc1_lemuel, gauntlet_entry_generic,
          serial_column_ruins, column_ruins_temple_circle,
          column_ruins_square_small, column_ruins_open_medium,
          column_ruins_open_small, column_ruins_columns_straight,
          column_ruins_columns_corner, column_ruins_open_small,
          column_ruins_open_tiny, column_ruins_grid_3, zin_purify, uniq_psyche
D:13:     layout_roguey, david_vaults_5, serial_bayou_lake_a, uniq_lodul
Temple:   hellmonk_temple_flake
Lair:1:   layout_roguey, hangedman_lair_generics_rect
Lair:2:   nzn_winding_woodlands_stair_trap [nzn_winding_woodlands_5x15_sawtooth,
          nzn_winding_woodlands_5x15_default,
          nzn_winding_woodlands_5x15_pathside_ponds,
          nzn_winding_woodlands_15x15_killbox, nzn_winding_woodlands_5x15_pool,
          nzn_winding_woodlands_5x15_sidewinder,
          nzn_winding_woodlands_5x15_eye], layout_chaotic_city,
          hellmonk_spider_entry_not_the_bees, gammafunk_ghost_berserking_beasts,
          serial_bayou_pond_a, uniq_maggie
Lair:3:   layout_hall_layers, elwin_shoals_entry_rooms, uniq_nergalle
Lair:4:   layout_roguey, worms_lemuel, grunt_megastairs_2
Lair:5:   due_jungle_book, layout_cave_shapes, slime_entry_1,
          infiniplex_staircase_pool_2

Skill      XL: |  1  2  3  4  5  6  7  8  9 10 11 12 13 14 15 |
---------------+----------------------------------------------+-----
Spellcasting   | 4 5 6 7 8 9 10 11 12 13 | 13.3
Fighting       | 3 6 8 10 12 13 15 16 | 16.5
Dodging        | 5 |  5.8
Shields        | 7 9 11 | 11.4
Stealth        | |  1.5

Action                     |  1- 3 |  4- 6 |  7- 9 | 10-12 | 13-15 || total
---------------------------+-------+-------+-------+-------+-------++-------
   Fire: Sling             |       |   103 |   176 |   219 |    60 ||   558
   Cast: Magic Dart        |    44 |     7 |       |       |       ||    51
         Searing Ray       |     5 |     3 |     7 |       |       ||    15
         Fulminant Prism   |       |       |    25 |   114 |   306 ||   445
         Volatile Blastmot |       |       |     7 |       |       ||     7
         Summon Mana Viper |       |       |       |     1 |     3 ||     4
         Stone Arrow       |       |       |       |       |    53 ||    53
         Statue Form       |       |       |       |       |     1 ||     1
         Metabolic Englaci |       |       |       |       |     1 ||     1
 Invoke: Curse Item        |       |       |     1 |     6 |     1 ||     8
         Shatter the Chain |       |       |       |       |     1 ||     1
  Evoke: Wand              |       |       |       |     4 |       ||     4
    Use: Scroll            |       |       |       |     1 |     2 ||     3
 Armour: Robe              |     3 |     3 |    19 |    13 |    12 ||    50
         Skin              |       |       |       |       |     2 ||     2
  Dodge: Dodged            |    10 |     6 |    46 |    53 |    59 ||   174
  Block: Kite shield       |       |       |       |       |    92 ||    92
